AoeStats
← QUISPE CHACAL

Arena

506735234Analyzed
3v3 RM · 16d ago on Sep 14, 2026· 55m 34s· 6 players
Game mode
Random Map
Map size
Normal (6 player)
Population
200
Speed
Normal
Resources
Standard
Victory
Conquest
Starting age
Dark Age
Ending age
Imperial Age
RankedLock teamsTeams togetherTeam positionsShared explorationLock speedFull tech treeHidden civsTurbo modeCheats
Victory
Defeat
🇨🇦 Cumans · Canada
1145
+8
🇪🇸 Turks · Spain
1145
+8
🇺🇸 Vietnamese · United States
1068
+11
🇵🇪 Bohemians · Peru
974
-10
🇵🇪 Turks · Peru
962
-9
🇵🇪 Romans · Peru
930
-8
AoeAuthority.com
11:59 Feudal Age
16:51 Castle Age
15:42 Double-Bit Axe
16:48 Horse Collar
20:44 Loom
23:20 Heavy Plow
23:41 Bow Saw
27:05 Elite Skirmisher
27:51 Fletching
28:48 Wheelbarrow
28:55 Ballistics
28:47 Fortified Wall
29:31 Bodkin Arrow
34:25 Imperial Age
32:53 Gold Mining
33:19 Padded Archer Armor
33:56 Hand Cart
34:41 Town Watch
36:07 Chemistry
35:47 Leather Archer Armor
37:16 Imperial Skirmisher
40:28 Hoardings
42:10 Ring Archer Armor
41:41 Bracer
42:19 Bloodlines
42:10 Husbandry
41:31 Elite Battle Elephant
43:28 Paper Money
46:57 Scale Barding Armor
47:03 Forging
47:03 Caravan
51:47 Scale Mail Armor
52:10 Chain Barding Armor
53:47 Plate Barding Armor
53:48 Iron Casting
52:52 Capped Ram
Bugzy
6:52 Loom
9:20 Feudal Age
12:21 Fletching
13:37 Double-Bit Axe
27:06 Castle Age
28:01 Bow Saw
27:32 Horse Collar
28:07 Bloodlines
28:59 Scale Barding Armor
35:27 Heavy Plow
36:04 Wheelbarrow
39:00 Imperial Age
36:51 Chain Barding Armor
36:42 Forging
37:39 Hand Cart
37:35 Gold Mining
37:36 Stone Mining
39:29 Elite Steppe Lancer
41:15 Plate Barding Armor
41:44 Capped Ram
43:33 Steppe Husbandry
43:54 Conscription
43:02 Siege Ram
44:20 Iron Casting
47:09 Blast Furnace
MZTK | JONVI
5:07 Loom
10:46 Feudal Age
12:29 Double-Bit Axe
12:59 Bloodlines
18:46 Scale Barding Armor
18:52 Forging
23:01 Castle Age
21:34 Horse Collar
21:45 Town Watch
25:32 Bow Saw
29:01 Imperial Age
29:33 Chain Barding Armor
29:48 Iron Casting
33:13 Fletching
33:24 Padded Archer Armor
35:51 Plate Barding Armor
37:26 Blast Furnace
40:27 Husbandry
41:02 Bow Saw
43:27 Wheelbarrow
46:30 Heavy Plow
47:34 Bodkin Arrow
47:55 Leather Archer Armor
49:20 Elite Janissary
50:26 Conscription
53:18 Bracer
53:48 Ring Archer Armor
54:04 Ring Archer Armor
53:35 Scale Mail Armor
53:37 Caravan
57:00 Two-Man Saw
55:56 Gold Mining
55:56 Stone Mining
56:11 Squires
55:56 Arson
56:28 Chain Mail Armor
QUISPE CHACAL
12:35 Feudal Age
10:55 Loom
19:46 Castle Age
36:42 Double-Bit Axe
38:34 Horse Collar
39:47 Pikeman
40:28 Squires
42:51 Scale Mail Armor
45:07 Chain Mail Armor
45:02 Forging
b1t
9:11 Loom
14:04 Feudal Age
18:57 Castle Age
17:10 Double-Bit Axe
17:11 Horse Collar
20:06 Bow Saw
31:17 Imperial Age
29:24 Wheelbarrow
30:26 Chemistry
29:48 Ballistics
29:50 Wagenburg Tactics
33:48 Two-Man Saw
36:39 Hand Cart
36:27 Heavy Plow
36:05 Elite Skirmisher
36:46 Fletching
37:07 Forging
36:58 Padded Archer Armor
41:14 Houfnice
43:53 Pikeman
44:05 Elite Hussite Wagon
Rychiplay
4:16 Loom
12:16 Feudal Age
16:15 Castle Age
14:16 Double-Bit Axe
14:14 Horse Collar
22:26 Imperial Age
20:29 Gold Mining
21:15 Bow Saw
23:23 Padded Archer Armor
27:55 Fletching
32:13 Two-Man Saw
32:20 Two-Man Saw
35:15 Leather Archer Armor
37:02 Bodkin Arrow
39:58 Wheelbarrow
39:10 Loom
42:21 Ballistics
42:41 Gold Shaft Mining
41:56 Stone Mining
46:11 Thumb Ring
45:28 Crossbowman
46:41 Ring Archer Armor
46:11 Bracer
46:23 Forging
46:14 Scale Mail Armor
47:11 Artillery
47:53 Hand Cart
47:24 Town Watch
47:52 Husbandry
48:02 Bloodlines
47:13 Heavy Camel Rider
48:57 Conscription
49:34 Scale Barding Armor
51:05 Chain Barding Armor
51:24 Iron Casting
54:25 Plate Barding Armor
Connection lost

Rejoining the realm…

Still unreachable

The connection could not be restored.

Session expired

The server has moved on; the page needs a fresh start.